 Dungeon Crawl Stone Soup version 0.23-a0-667-gc184e93 (webtiles) character file.

12526 George the Cleaver (level 11, -5/83 HPs)
             Began as a Demonspawn Fighter on Jan 8, 2019.
             Was a Believer of Qazlal.
             Slain by Snorg (12 damage)
             ... on level 10 of the Dungeon.
             The game lasted 00:23:15 (11913 turns).

George the Cleaver (Demonspawn Fighter)            Turns: 11913, Time: 00:23:16

Health: -5/83      AC: 20    Str: 25    XL:     11   Next: 63%
Magic:  0/16       EV:  4    Int:  9    God:    Qazlal [**....]
Gold:   580        SH: 12    Dex: 13    Spells: 10/10 levels left

rFire    . . .     SeeInvis .   a - +1 war axe
rCold    . . .     Gourm    .   c - +0 shield
rNeg     . . .     Faith    .   s - +0 plate armour (curse)
rPois    .         Spirit   +   (no helmet)
rElec    .         Reflect  .   (no cloak)
rCorr    .         Harm     .   j - +2 pair of gloves
MR       .....                  G - +0 pair of boots
Stlth    ..........             r - amulet of the acrobat
HPRegen  0.23/turn              (no ring)
MPRegen  0.15/turn              (no ring)

@: mighty
A: thin metallic scales 2, spiny 2, magic shield
a: Upheaval, Renounce Religion


You were on level 10 of the Dungeon.
You worshipped Qazlal.
Qazlal was pleased with you.
You were not hungry.

You visited 2 branches of the dungeon, and saw 11 of its levels.
You also visited: Sewer.

You collected 580 gold pieces.

Inventory:

Hand Weapons
 a - a +1 war axe (weapon)
 k - the +5 hand crossbow "Newtslayer" {flame, rC++ rN+ Dex-5}
   (You took it off an orc on level 4 of the Dungeon)

   It causes projectiles fired from it to burn those they strike, causing extra
   injury to most foes and up to half again as much damage against particularly
   susceptible opponents.
   It affects your dexterity (-5).
   It greatly protects you from cold.
   It protects you from negative energy.
Missiles
 y - 60 bolts
Armour
 b - a +0 large shield
 c - a +0 shield (worn)
 j - a +2 pair of gloves (worn)
 s - a cursed +0 plate armour (worn)
 G - a +0 pair of boots (worn)
Jewellery
 r - an amulet of the acrobat (around neck)
Wands
 q - a wand of iceblast (19)
 w - a wand of paralysis (17)
 B - a wand of acid (8)
 F - a wand of flame (20)
Scrolls
 g - a scroll of fog
 h - 6 scrolls of teleportation
 i - 2 scrolls of magic mapping
 p - 5 scrolls of remove curse {unknown}
 u - a scroll of fear {unknown}
 v - a scroll of noise {unknown}
 x - 2 scrolls of blinking {unknown}
 z - 4 scrolls of enchant weapon
 A - 2 scrolls of enchant armour {unknown}
 C - a scroll of identify
 D - a scroll of random uselessness {unknown}
 E - a scroll of amnesia {unknown}
Potions
 d - 2 potions of might
 e - 3 potions of flight
 l - 3 potions of agility
 m - 2 potions of invisibility
 n - a potion of mutation
 o - 6 potions of curing
 H - a potion of cancellation
Comestibles
 f - 15 rations


   Skills:
 + Level 6.7 Fighting
 + Level 13.9 Axes
 + Level 6.1 Armour
 - Level 2.6 Shields
 + Level 7.6 Invocations


You had 10 spell levels left.
You didn't know any spells.
Your spell library contained the following spells:

 Spells                   Type           Power        Failure   Level  Hunger
 Flame Tongue             Conj/Fire      #....        100%        1    ##.....
 Infusion                 Chrm           #...         100%        1    ##.....
 Shroud of Golubria       Chrm/Tloc      #.........   100%        2    ###....
 Song of Slaying          Chrm           #.......     100%        2    ###....
 Throw Flame              Conj/Fire      #.....       100%        2    ###....
 Conjure Flame            Conj/Fire      #.......     100%        3    ####...
 Inner Flame              Hex/Fire       #.......     100%        3    ####...
 Regeneration             Chrm/Necr      #.........   100%        3    ####...
 Spectral Weapon          Hex/Chrm       #.......     100%        3    ####...
 Sticky Flame             Conj/Fire      #.......     100%        4    #####..
 Fireball                 Conj/Fire      #.........   100%        5    ######.


Dungeon Overview and Level Annotations

Branches:
Dungeon (10/15)            Temple (1/1) D:7
   Lair: D:8-11         Orc: D:9-12

Altars:
Ashenzari
Cheibriados
Dithmenos
Elyvilon
Fedhas
Gozag
Hepliaklqana
Kikubaaqudgha
Makhleb
Nemelex Xobeh
Okawaru
Qazlal
Ru
Sif Muna
Trog
Uskayaw
Vehumet
Wu Jian
Xom
Yredelemnul
Zin
The Shining One

Shops:
D:7 (

Annotations:
D:8 Psyche
D:10 Snorg


Innate Abilities, Weirdness & Mutations

You are mostly covered in thin metallic scales. (AC +3)
You are mostly covered in sharp spines.
When hurt, damage is shared between your health and your magic reserves.


Message History

Snorg claws you but does no damage. You block Snorg's attack.
You hit Snorg.
Snorg is severely wounded.
Snorg is struck by your spines. Snorg bites you!
* * * LOW HITPOINT WARNING * * *
Snorg claws you but does no damage. Snorg barely misses you.
You barely miss Snorg.
Snorg is severely wounded.
Snorg completely misses you. You block Snorg's attack. x2
Snorg is struck by your spines. Snorg bites you but does no damage.
Snorg claws you.
* * * LOW HITPOINT WARNING * * *
Snorg claws you.
* * * LOW HITPOINT WARNING * * *
You feel better. You block Snorg's attack. Snorg claws you but does no damage.
You block Snorg's attack.
You slice Snorg!!
Snorg is almost dead.
Snorg bites you but does no damage. Snorg claws you!
You die...

#^# #.#### ..... #....#
#...# ####.# #...#
#.#### #...# #....#
#!..## #######.# #.....
###.###.......#####.(.##
#...GZT@○.........†.....
#...###+############.###
# ...# #.#.# #.#.. # ###


You could see Snorg (berserk), an eye of draining and a worker ant zombie.

Vanquished Creatures
  Erica (D:9)
  Harold (D:7)
  A centaur warrior (D:8)
  2 two-headed ogres
  An orc knight (D:8)
  A cyclops (D:10)
  Prince Ribbit (D:8)
  3 hippogriffs
  Eustachio (D:4)
  12 yaks
  A hungry ghost (D:8)
  Menkaure (D:4)
  A basilisk (D:9)
  A steam dragon (D:9)
  Grum (D:9)
  Duvessa (D:7)
  2 sky beasts (D:10)
  3 ice beasts
  4 black bears
  3 orc warriors
  3 phantoms
  2 wolves (D:9)
  2 centaurs
  5 ogres
  A crocodile (D:8)
  6 big kobolds
  6 bullfrogs
  A water moccasin zombie (D:8)
  2 scorpions
  Dowan (D:7)
  A water moccasin skeleton (D:7)
  4 killer bees (D:9)
  8 howler monkeys
  2 electric eels (D:6)
  5 crimson imps
  3 orc priests
  A jelly (D:8)
  2 bullfrog skeletons (D:5)
  4 hounds
  3 iguanas
  Jessica (D:2)
  8 worker ants
  Natasha (thrice) (D:2)
  6 orc wizards
  3 hound zombies
  2 hound skeletons
  A howler monkey zombie (D:9)
  A killer bee simulacrum (D:8)
  A worker ant zombie (D:10)
  A gnoll (D:6)
  9 adders
  A river rat (Sewer)
  A shadow imp (D:5)
  2 oozes
  3 adder zombies
  An adder skeleton (D:10)
  2 worms
  2 dart slugs
  4 leopard geckos (D:5)
  13 orcs
  3 giant cockroaches
  6 goblins
  9 hobgoblins
  13 jackals
  3 quokkas
  3 ball pythons
  7 bats
  6 frilled lizards
  2 jackal skeletons (D:5)
  62 kobolds
  8 rats
291 creatures vanquished.

Notes
Turn   | Place    | Note
-------+----------+-------------------------------------------
     0 | D:1      | George the Demonspawn Fighter began the quest for the Orb.
     0 | D:1      | Reached XP level 1. HP: 18/18 MP: 1/1
    61 | D:1      | Reached skill level 2 in Axes
   149 | D:1      | Gained mutation: When hurt, damage is shared between your
                  | health and your magic reserves. [demonic ancestry]
   149 | D:1      | Reached XP level 2. HP: 24/24 MP: 2/2
   371 | D:1      | Reached skill level 3 in Axes
   769 | D:2      | Reached XP level 3. HP: 28/29 MP: 3/3
   881 | D:2      | Noticed Natasha
   887 | D:2      | Killed Natasha
   936 | D:2      | Noticed Natasha
   943 | D:2      | Killed Natasha
   943 | D:2      | Reached skill level 4 in Axes
   943 | D:2      | Gained mutation: You are partially covered in sharp spines.
                  | [demonic ancestry]
   943 | D:2      | Reached XP level 4. HP: 19/35 MP: 2/4
  1093 | D:2      | Noticed Natasha
  1098 | D:2      | Killed Natasha
  1348 | D:2      | Noticed Jessica
  1356 | D:2      | Killed Jessica
  1394 | D:2      | Found a shattered altar of Ashenzari.
  2090 | D:3      | Gained mutation: You are partially covered in thin metallic
                  | scales. (AC +2) [demonic ancestry]
  2090 | D:3      | Reached XP level 5. HP: 38/41 MP: 5/5
  2350 | D:3      | Reached skill level 5 in Axes
  2739 | D:4      | Noticed Menkaure
  2746 | D:4      | Killed Menkaure
  2746 | D:4      | Reached skill level 6 in Axes
  2746 | D:4      | Gained mutation: You are mostly covered in sharp spines.
                  | [demonic ancestry]
  2746 | D:4      | Reached XP level 6. HP: 34/47 MP: 6/6
  2789 | D:4      | Noticed Eustachio
  2802 | D:4      | Killed Eustachio
  2802 | D:4      | Reached skill level 7 in Axes
  2802 | D:4      | Gained mutation: You are mostly covered in thin metallic
                  | scales. (AC +3) [demonic ancestry]
  2802 | D:4      | Reached XP level 7. HP: 14/52 MP: 7/7
  2856 | D:4      | Found a glowing drain.
  2903 | Sewer    | Entered a sewer
  3209 | Sewer    | Found a glowing silver altar of Zin.
  3273 | D:4      | Reached skill level 8 in Axes
  3366 | D:4      | Identified the +5 hand crossbow "Newtslayer" {flame, rC++
                  | rN+ Dex-5}
  3583 | D:5      | Entered Level 5 of the Dungeon
  3584 | D:5      | Found a shimmering altar of Xom.
  3593 | D:5      | Found a shimmering altar of Xom.
  3595 | D:5      | Found a shimmering altar of Xom.
  3595 | D:5      | Found a shimmering altar of Xom.
  3846 | D:5      | Reached XP level 8. HP: 58/58 MP: 8/8
  3937 | D:5      | Reached skill level 9 in Axes
  4452 | D:6      | Reached skill level 10 in Axes
  5187 | D:6      | Found an opulent altar of Gozag.
  5333 | D:6      | Reached XP level 9. HP: 62/63 MP: 9/9
  5431 | D:6      | Reached skill level 11 in Axes
  6433 | D:7      | Noticed Harold
  6450 | D:7      | Killed Harold
  6450 | D:7      | Reached skill level 12 in Axes
  6503 | D:7      | HP: 3/63 [hippogriff (5)]
  6505 | D:7      | HP: 1/63 [orc warrior/+0 halberd (11)]
  6509 | D:7      | Reached XP level 10. HP: 16/70 MP: 1/10
  6521 | D:7      | Reached skill level 13 in Axes
  6796 | D:7      | Found a shadowy altar of Dithmenos.
  6867 | D:7      | Noticed Dowan
  6868 | D:7      | Noticed Duvessa
  6876 | D:7      | Killed Dowan
  6877 | D:7      | Killed Duvessa
  6921 | D:7      | Found a staircase to the Ecumenical Temple.
  6980 | D:7      | Found Deenub's Antique Weapon Boutique.
  7438 | Temple   | Entered the Ecumenical Temple
  7479 | Temple   | Became a worshipper of Qazlal Stormbringer
  7788 | D:8      | Noticed Prince Ribbit
  7802 | D:8      | Killed Prince Ribbit
  7802 | D:8      | Reached skill level 1 in Invocations
  7836 | D:8      | Noticed a two-headed ogre
  8250 | D:8      | Killed a two-headed ogre
  8535 | D:8      | Found a radiant altar of Vehumet.
  8677 | D:8      | Noticed a centaur warrior
  8679 | D:8      | Reached * piety under Qazlal
  8689 | D:8      | Killed a centaur warrior
  8692 | D:8      | Found a shadowy altar of Dithmenos.
  8692 | D:8      | Found a basalt altar of Yredelemnul.
  8692 | D:8      | Noticed Psyche
  9015 | D:8      | Found a snail-covered altar of Cheibriados.
  9260 | D:8      | Noticed an orc knight
  9286 | D:8      | Killed an orc knight
  9286 | D:8      | Reached skill level 5 in Fighting
  9286 | D:8      | Reached skill level 5 in Invocations
  9619 | D:9      | Reached XP level 11. HP: 40/80 MP: 13/15
  9745 | D:9      | Reached skill level 5 in Armour
  9763 | D:9      | Noticed Erica
  9777 | D:9      | Killed Erica
 10102 | D:9      | Noticed Grum
 10114 | D:9      | Killed Grum
 10592 | D:9      | Reached ** piety under Qazlal
 10611 | D:9      | Noticed a two-headed ogre
 10631 | D:9      | Killed a two-headed ogre
 11524 | D:10     | Entered Level 10 of the Dungeon
 11715 | D:10     | Found a blossoming altar of Fedhas.
 11887 | D:10     | Noticed Snorg
 11905 | D:10     | HP: 3/83 [Snorg (7)]
 11911 | D:10     | HP: 4/83 [Snorg (4)]
 11913 | D:10     | Slain by Snorg

Vault maps used:
D:1:      nicolae_arrival_memento_mori, minmay_close_crescents
D:2:      ashenzari_conservatory_becter, uniq_jessica, uniq_natasha
D:4:      portal_sewer_entry_d, uniq_menkaure, uniq_eustachio
D:5:      first_ration, xom_redecorated
D:6:      minmay_goblin_kobold_castle, nicolae_overflow_crystal_walls,
          minivault_23
D:7:      nicolae_dithmenos_the_darkroom, temple_doors_cd, serial_shops,
          nicolae_shop_overgrown_old_shop, uniq_harold, uniq_duvessa
D:8:      vehumet_crystals, serial_glass, glass_columns_a, glass_columns_c,
          glass_columns_a, glass_columns_c, glass_columns_b, glass_columns_b,
          basic_altar, blue_anna_alchemist, grunt_decor_mini_mirrors,
          nrook_mini_backslash, jmf_multi_god_temple, uniq_prince_ribbit1,
          uniq_psyche
D:9:      minivault_24, uniq_erica, uniq_grum
D:10:     orc_0_dummy, minmay_ruined_shrine, uniq_snorg
Temple:   dpeg_five_rooms_temple
Sewer:    sewer_kobolds

Skill      XL: |  1  2  3  4  5  6  7  8  9 10 11 |
---------------+----------------------------------+-----
Axes           | 2 3 4 6 7 8 10 12 13 | 13.9
Invocations    | 5 7 |  7.6
Armour         | 4 6 |  6.1
Fighting       | 5 6 |  6.7
Shields        | |  2.6

Action                   |  1- 3 |  4- 6 |  7- 9 | 10-12 || total
-------------------------+-------+-------+-------+-------++-------
Melee: War axe           |    97 |    87 |   345 |   440 ||   969
Evoke: Wand              |       |     8 |       |     5 ||    13
  Use: Scroll            |       |     8 |     1 |     3 ||    12
       Potion            |       |       |     5 |     5 ||    10
 Stab: Paralysed         |       |     9 |       |       ||     9
  Eat: Chunk             |       |     6 |    12 |    12 ||    30
       Ration            |       |       |       |     3 ||     3
Armor: Scale mail        |    58 |       |       |       ||    58
       Chain mail        |    18 |     4 |       |       ||    22
       Plate armour      |       |    52 |   228 |   214 ||   494
Dodge: Dodged            |    37 |     5 |    44 |    47 ||   133
Block: Shield            |    83 |    38 |   168 |   201 ||   490

Table legend:
 A = Non-vault XP
 B = Vault XP
 C = Vault XP percentage of total XP
 D = Non-vault monster count
 E = Vault monster count
 F = Vault count percentage of total count
                 A         B        C        D         E       F
            +---------+---------+-------+---------+---------+-------
      Total |   11607 |    6288 |  35.1 |     209 |      82 |  28.2
            +---------+---------+-------+---------+---------+-------
        D:1 |      36 |       4 |  10.0 |      19 |       3 |  13.6
        D:2 |      76 |      73 |  49.0 |       8 |       2 |  20.0
        D:3 |      62 |       0 |   0.0 |      17 |       0 |   0.0
        D:4 |     421 |     399 |  48.7 |      17 |       3 |  15.0
        D:5 |     616 |       0 |   0.0 |      23 |       0 |   0.0
        D:6 |    1285 |     278 |  17.8 |      29 |      46 |  61.3
        D:7 |    1415 |    1159 |  45.0 |      22 |       3 |  12.0
        D:8 |    2362 |    2147 |  47.6 |      31 |       6 |  16.2
        D:9 |    4331 |    1368 |  24.0 |      35 |       4 |  10.3
       D:10 |    1003 |     739 |  42.4 |       8 |       4 |  33.3
      Sewer |       0 |     121 | 100.0 |       0 |      11 | 100.0
            +---------+---------+-------+---------+---------+-------
